Cogmind - Beta 10 @@@ ROGUE MODE // 2020.09.20 @ 02:53:59 Player: homogoblin Result: Destroyed by D-53 Grenadier with Mini Grenade Launcher Performance ------------- Evolutions (1) 500 Regions Visited (4) 800 Robots Destroyed (26) 130 Value Destroyed (440) 440 Prototype IDs (0) 0 Alien Tech Used (0) 0 Bonus (0) 0 TOTAL SCORE: 1870 Bonus ------- None Cogmind --------- Core Integrity 0/400 Matter 157/300 Energy 99/100 System Corruption 1% Temperature Cool (0) Movement Core (50) Location -9/Mines Parts ------- > --- POWER (1) -------- (None) > --- PROPULSION (3) --- (None) > --- UTILITY (3) ------ (None) > --- WEAPON (2) ------- (None) > --- INVENTORY (4) ---- Light EM Pulse Cannon Peak State ------------ > --- POWER ------------ Light Ion Engine > --- PROPULSION ------- Light Treads Light Treads > --- UTILITY ---------- Small Storage Unit Improved Signal Interpreter > --- WEAPON ----------- Light EM Pulse Cannon > --- INVENTORY -------- Ion Engine Medium Laser Small Laser [Rating: 8] Favorites ----------- Power Ion Engine Engine Ion Engine Propulsion Light Treads Treads Light Treads Utility Small Storage Unit Device Sensor Array Storage Small Storage Unit Processor Improved Signal Interpreter Weapon Medium Laser Energy Gun Medium Laser Energy Cannon Light EM Pulse Cannon Launcher Grenade Launcher Build | -11 -10 -10 -9 -9 ------- Run | Scr Mat Min Mat Min Slots Evolved 2 | . . . 2 . Power . | . . . . . Propulsion 1 | . . . 1 . Utility 1 | . . . 1 . Weapon . | . . . . . Parts Attached 23 | 3 7 2 4 7 Power 4 | . 3 . . 1 Engine 4 | . 3 . . 1 Core . | . . . . . Reactor . | . . . . . Propulsion 3 | 2 . . . 1 Treads 3 | 2 . . . 1 Leg . | . . . . . Wheel . | . . . . . Hover . | . . . . . Flight . | . . . . . Utility 4 | 1 1 . 2 . Device 1 | . . . 1 . Storage 1 | 1 . . . . Processor 2 | . 1 . 1 . Hackware . | . . . . . Protection . | . . . . . Artifact . | . . . . . Weapon 12 | . 3 2 2 5 Energy Gun 4 | . 2 1 . 1 Energy Cannon 2 | . 1 . . 1 Ballistic Gun . | . . . . . Ballistic Cannon . | . . . . . Launcher 6 | . . 1 2 3 Special Weapon . | . . . . . Impact Weapon . | . . . . . Slashing Weapon . | . . . . . Piercing Weapon . | . . . . . Special Melee Weapon . | . . . . . Unidentified Prototypes . | . . . . . Parts Lost 13 | . 2 1 5 5 Power 3 | . 1 1 . 1 Propulsion 3 | . . . 2 1 Utility 2 | . . . 2 . Weapon 5 | . 1 . 1 3 Highest Loss Streak 4 | . 2 1 4 3 Average Slot Usage (%) 57 | . 78 72 55 23 Engine 4 | . 12 1 . 6 Treads 20 | . 28 28 21 2 Device 1 | . . . 5 . Storage 10 | . 14 14 11 4 Processor 8 | . 10 14 10 . Energy Gun 5 | . 4 13 2 4 Energy Cannon 2 | . 8 . . . Launcher 3 | . . . 5 6 Naked Turns 21 | . . . . 21 Heaviest Build 13 | 4 13 12 8 13 Greatest Support 40 | 40 40 40 40 20 Greatest Overweight (x) 4 | . . . 1 4 Average Overweight (x) . | . . . . . Largest Inventory Capacity 6 | 6 6 6 6 6 Average Capacity 5 | 5 6 6 6 4 Most Carried 5 | 4 5 3 5 4 Average Carried 3 | 2 3 2 3 2 Final Capacity 6 | 6 6 6 6 4 Final Carried 4 | 4 2 3 4 1 Class Distribution -------------------- 100% | Mutant Dominant Class ---------------- Mutant | -10/Materials Mutant | -10/Mines Mutant | -9/Materials Mutant | -9/Mines Resources | -11 -10 -10 -9 -9 ----------- Run | Scr Mat Min Mat Min Matter Collected 451 | 230 . 56 53 112 Remotely . | . . . . . Salvage Created 260 | . . 35 113 112 Parts 27 | . . 1 10 16 Haulers Intercepted . | . . . . . Recyclers Shooed . | . . . . . Parts Field Recycled . | . . . . . Retrieved Matter . | . . . . . Parts Self-Destructed . | . . . . . Prevented . | . . . . . Kills | -11 -10 -10 -9 -9 ------- Run | Scr Mat Min Mat Min Combat Hostiles Destroyed 21 | . . 1 4 16 Guns 2 | . . 1 . 1 AOE 19 | . . . 4 15 Classes Destroyed 9 | . . 2 4 3 Worker 2 | . . . 1 1 Builder 1 | . . 1 . . Watcher 2 | . . . 2 . Swarmer 7 | . . . . 7 Grunt 5 | . . 1 2 2 Brawler 1 | . . . 1 . Duelist 1 | . . . . 1 Sentry 1 | . . . 1 . Assembled 6 | . . . . 6 Best Kill Streak 8 | . . 1 4 8 Combat Bots Only 7 | . . 1 3 7 Max Kills in Single Turn 3 | . . 1 2 3 Gunslinging . | . . . . . Exploded 3 | . . . 1 3 Melee . | . . . . . Uniques/NPCs Destroyed . | . . . . . Combat | -11 -10 -10 -9 -9 -------- Run | Scr Mat Min Mat Min Damage Taken 1461 | . 261 214 318 668 Core 482 | . 23 42 17 400 Absorbed by Shields . | . . . . . Core Remaining (%) 87 | 100 . 74 . . Volleys Fired 52 | . 14 11 10 17 Largest 1 | . 1 1 1 1 Hottest 56 | . 56 50 30 56 Shots Fired 52 | . 14 11 10 17 Gun 18 | . 5 9 . 4 Cannon 11 | . 9 . . 2 Launcher 23 | . . 2 10 11 Special . | . . . . . Kinetic . | . . . . . Thermal 18 | . 5 9 . 4 Explosive 23 | . . 2 10 11 Electromagnetic 11 | . 9 . . 2 Robot Hit Streak 27 | . 4 14 24 27 Robot Miss Streak 3 | . 1 . . 3 Penetration Max . | . . . . . Secondary Targets . | . . . . . Shots Hit Robots 38 | . 9 10 10 9 Core Hits 44 | . 1 2 12 29 Critical Hits . | . . . . . Critical Kills . | . . . . . Critical Parts Destroyed . | . . . . . Melee Attacks . | . . . . . Impact . | . . . . . Slashing . | . . . . . Piercing . | . . . . . Sneak Attacks . | . . . . . Combat Hostiles . | . . . . . Follow-up Attacks . | . . . . . Damage Inflicted 2149 | . 144 176 443 1386 Guns 200 | . 51 112 . 37 Cannons 132 | . 93 . . 39 Explosions 1816 | . . 63 443 1310 Melee . | . . . . . Ramming 1 | . . 1 . . Kinetic . | . . . . . Thermal 200 | . 51 112 . 37 Explosive 1816 | . . 63 443 1310 Electromagnetic 132 | . 93 . . 39 Impact . | . . . . . Slashing . | . . . . . Piercing . | . . . . . Highest Corruption 1 | . . . 1 1 Average Corruption 1 | . . . 1 1 Corruption Purged . | . . . . . Effects 1 | . . . . 1 Targeting Errors 1 | . . . . 1 Overload Shots . | . . . . . Overflow Damage 27 | . 3 . 19 5 Projectiles 3 | . 3 . . . Explosions 24 | . . . 19 5 Melee . | . . . . . Knockbacks . | . . . . . Impact . | . . . . . Kinetic . | . . . . . Secondary . | . . . . . Self-Inflicted Damage 234 | . . 29 70 135 Shots 9 | . . 1 4 4 Rammed 1 | . . 1 . . Targets Rammed 2 | . . 2 . . Kicked . | . . . . . Crushed 1 | . . 1 . . Highest Temperature 99 | . 76 99 . 4 Average Temperature 37 | . 30 54 . 2 Received Heat Transfer 294 | . 147 87 42 18 Siege Activations . | . . . . . Robots Corrupted . | . . . . . Combat Hostiles . | . . . . . Parts Fried . | . . . . . Impact Corruptions . | . . . . . Robots Melted . | . . . . . Combat Hostiles . | . . . . . Parts Melted 2 | . . 2 . . Heat Transferred 592 | . 148 333 . 111 Parts Sabotaged . | . . . . . Parts Stolen . | . . . . . Parts Stripped . | . . . . . Power Chain Reactions . | . . . . . Missiles Intercepted . | . . . . . Alert | -11 -10 -10 -9 -9 ------- Run | Scr Mat Min Mat Min Peak Influence 264 | . 20 50 163 264 Initial 59 | . . . 19 59 Average 63 | . 2 29 63 191 Maximum Alert Level 1 | . . . . 1 Low Security (%) 89 | 100 100 100 100 49 Level 1 10 | . . . . 50 Level 2 . | . . . . . Level 3 . | . . . . . Level 4 . | . . . . . Level 5 . | . . . . . High Security . | . . . . . Max Security . | . . . . . Squads Dispatched . | . . . . . Investigation . | . . . . . Extermination . | . . . . . Reinforcement . | . . . . . Assault . | . . . . . Garrison . | . . . . . Intercept . | . . . . . Construction Impeded . | . . . . . Haulers Reinforced . | . . . . . Stealth | -11 -10 -10 -9 -9 --------- Run | Scr Mat Min Mat Min Distress Signals . | . . . . . Communications Jammed . | . . . . . Distress Signals . | . . . . . Times Spotted 42 | . 3 5 6 28 Peak Tracking Total 9 | . 2 3 3 9 Tactical Retreats 3 | . 2 . . 1 Traps | -11 -10 -10 -9 -9 ------- Run | Scr Mat Min Mat Min Traps Triggered . | . . . . . Indirectly . | . . . . . Trap Hack Attempts . | . . . . . Triggered . | . . . . . Disarmed . | . . . . . Reprogrammed . | . . . . . Reused . | . . . . . Traps Extracted . | . . . . . Installed . | . . . . . Triggered . | . . . . . Machines | -11 -10 -10 -9 -9 ---------- Run | Scr Mat Min Mat Min Machines Disabled 2 | . . . 2 . Max in Single Turn 1 | . . . 1 . Machines Sabotaged . | . . . . . Garrisons Compromised . | . . . . . Overloaded Fab Kills . | . . . . . Fab Network Shutdowns . | . . . . . Hacking | -11 -10 -10 -9 -9 --------- Run | Scr Mat Min Mat Min Machines Accessed 3 | . 2 . 1 . Terminals 2 | . 1 . 1 . Fabricators . | . . . . . Repair Stations . | . . . . . Recycling Units 1 | . 1 . . . Scanalyzers . | . . . . . Garrison Access . | . . . . . Total Hacks 3 | . 2 . 1 . Successful 3 | . 2 . 1 . Failed . | . . . . . Catastrophic . | . . . . . Database Lockouts . | . . . . . Manual . | . . . . . Terminals 2 | . 1 . 1 . Fabricators . | . . . . . Repair Stations . | . . . . . Recycling Units 1 | . 1 . . . Scanalyzers . | . . . . . Garrison Access . | . . . . . Terminal Hacks 2 | . 1 . 1 . Zone Layout 2 | . 1 . 1 . Fabricator Hacks . | . . . . . Repair Station Hacks . | . . . . . Recycling Unit Hacks 1 | . 1 . . . Recycle Component 1 | . 1 . . . Scanalyzer . | . . . . . Garrison Access Hacks . | . . . . . Unauthorized Hacks . | . . . . . Terminals . | . . . . . Fabricators . | . . . . . Repair Stations . | . . . . . Recycling Units . | . . . . . Scanalyzers . | . . . . . Garrison Access . | . . . . . Data Cores Recovered . | . . . . . Used . | . . . . . Hacking Detections 2 | . 1 . 1 . Full Trace Events . | . . . . . Feedback Events . | . . . . . Feedback Blocked . | . . . . . Robot Schematics Acquired . | . . . . . Robots Built . | . . . . . Matter . | . . . . . Time . | . . . . . Total Robot Build Rating . | . . . . . Part Schematics Acquired . | . . . . . Parts Built . | . . . . . Matter . | . . . . . Time . | . . . . . Total Part Build Rating . | . . . . . Parts Repaired . | . . . . . Time . | . . . . . Parts Recycled 1 | . 1 . . . Recycled Matter . | . . . . . Retrieved Matter . | . . . . . Retrieved Components . | . . . . . Parts Scanalyzed . | . . . . . Part Schematics Acquired . | . . . . . Parts Damaged . | . . . . . Bothacking | -11 -10 -10 -9 -9 ------------ Run | Scr Mat Min Mat Min Used RIF Installer . | . . . . . Robots Hacked . | . . . . . Non-combat . | . . . . . Combat . | . . . . . Robot Hacks Applied . | . . . . . Relay Couplers Released . | . . . . . Robots Rewired . | . . . . . Allies Hacked . | . . . . . Hacks Repelled . | . . . . . Allies | -11 -10 -10 -9 -9 -------- Run | Scr Mat Min Mat Min Total Allies . | . . . . . Largest Group . | . . . . . Highest-Rated Group . | . . . . . Highest-Rated Ally . | . . . . . Total Orders . | . . . . . Ally Attacks . | . . . . . Total Damage . | . . . . . Kills . | . . . . . Allies Corrupted . | . . . . . Allies Melted . | . . . . . Intel | -11 -10 -10 -9 -9 ------- Run | Scr Mat Min Mat Min Robot Analysis Total . | . . . . . Derelict Logs Recovered . | . . . . . Drone Launches . | . . . . . Drone Recoveries . | . . . . . Exploration | -11 -10 -10 -9 -9 ------------- Run | Scr Mat Min Mat Min Turns Passed 966 | 84 213 209 263 197 Spaces Moved 596 | 51 109 113 147 176 Core 172 | 6 . . 1 165 Treads 424 | 45 109 113 146 11 Legs . | . . . . . Wheels . | . . . . . Hover . | . . . . . Flight . | . . . . . Fastest Speed 50 | 50 160 160 100 50 Average Speed 137 | 147 160 160 159 86 Slowest Speed 250 | 160 160 160 160 250 Overloaded Moves . | . . . . . Propulsion Burnouts . | . . . . . Robots Hopped . | . . . . . Cave-ins Triggered 1 | . . . 1 . Exploration Rate (%) 21 | 4 26 23 15 41 Regions Visited 4 Branch Regions 2 Pre-discovered Areas . | . . . . . Known Exits Taken 2 | . 1 1 . . Unknown Exits Taken 2 | 1 . . 1 . Scrap Searched 2 | . . . . 2 Spaces Dug . | . . . . . Terrain Destroyed 192 | . . 20 48 124 Melee . | . . . . . Projectile . | . . . . . AOE 192 | . . 20 48 124 Terrain Rammed . | . . . . . Walls Destroyed . | . . . . . Machines Disabled . | . . . . . Actions | -11 -10 -10 -9 -9 --------- Run | Scr Mat Min Mat Min Total 690 | 60 133 128 165 204 Wait . | . . . . . Move 592 | 50 108 112 146 176 Hop . | . . . . . Pick Up 17 | 7 4 1 3 2 Fast Attach . | . . . . . Attach 17 | 3 5 . 3 6 Detach 3 | . . . 2 1 Swap 6 | . 2 2 1 1 Drop 1 | . . . . 1 Fire 52 | . 14 11 10 17 Melee . | . . . . . Ram . | . . . . . Kick . | . . . . . Crush 2 | . . 2 . . Escape Stasis . | . . . . . Rewire . | . . . . . Trap . | . . . . . Miscellaneous . | . . . . . Route ------- -11/Scrapyard -10/Materials -10/Mines -9/Materials -9/Mines History --------- Turn | Location | Event 50 | -11/Scrapyard | Discovered new exit (range 15) 85 | -11/Scrapyard | Entered Materials 290 | -10/Materials | Discovered new exit (range 6) 297 | -10/Materials | Identified exit to Mines 298 | -10/Materials | Entered Mines 327 | -10/Mines | Build established: Mutant 330 | -10/Mines | Met a Derelict bent on vengeance 502 | -10/Mines | Discovered new exit (range 4) 505 | -10/Mines | Identified exit to Materials 507 | -10/Mines | Entered Materials 507 | -9/Materials | Evolved 2 slots: Propulsion x1, Utility x1 585 | -9/Materials | Discovered new exit (range 17) 763 | -9/Materials | Crushed by falling debris 770 | -9/Materials | Entered Mines 799 | -9/Mines | Lost 4 parts (2n1u1w) 908 | -9/Mines | Destroyed 7 combat bots 914 | -9/Mines | Lost 3 parts (1p1n1w) 928 | -9/Mines | Assembled infested the area 946 | -9/Mines | Core integrity fell below 50% 949 | -9/Mines | Core integrity fell below 20% 967 | -9/Mines | Destroyed by D-53 Grenadier with Mini Grenade Launcher Last Messages --------------- K-01 Serf collects debris. System corrupted: Mni. Grenade Launcher targeting data glitched. as-70050 destroyed. as-31639 destroyed. Med. Laser destroyed. Destroyed Med. Laser. as-46358 destroyed. as-79500 destroyed. as-20690 destroyed. as-28552 destroyed. as-82821 destroyed. as-44202 destroyed. as-04943 destroyed. as-77633 destroyed. Mni. Grenade Launcher destroyed. as-53941 destroyed. as-92776 destroyed. as-04680 destroyed. as-34293 destroyed. The unstable cave ceiling collapses. Map ----- +----------------------------------------------------+ | | | | | | | | | | | | | | | | | | | | | | | | | | | | | ?????????????????????????????????????????????????? | | ?????????????????????????????????????????????????? | | ?????????????????????????????????????????????????? | | ?????????????????????????????????????????????????? | | ??????####??#######??????????????????????????????? | | ?????## #### ##?????????????????????????????? | | ###### ## #????????????????????????????? | | ####????????????????????????? | | #????????????????????????? | | #????????????????????????? | | ### ##### ##????????????????? | | ##?## @ #????????????????? | | #???# #???????????????? | | #### #???# ## ### #??????????????? | | ???# ##???## < #? #????? ???????????? | | ??## #?????## d% #??#????????? #?????????? | | ?## #??????## [ #???????????????????????? | | ?# #?????####* ###?????????????????????? | | ?# ####### # #?????????????????????? | | ?# #?????????????????????? | | ?## ### ## # # #????????????????????? | | ??## ##?## # #?????????????????????? | | ???# ##???## # # #????????????????????? | | ???# ######### # ##????????????????????? | | ??# ??# ##?????????????????????? | | ??# ##??# #### # # ##??????????????????????? | | ??# ?????????## ## ????????????????????? | | ??# ??????????## #??####???????????????????? | | ?? ????????????## ## #?????????????????????????? | | ?? ?????????????# #? #?????????????????????????? | | ? ???????######## ## #?????????????????????????? | | ?????????# " #?????????????????????????? | | ?????????# ####### " $ ??????????????????? | | ?????????# #?????? ?????????????????? | | ?????????# #??????? #?# ##??????????????????? | | ???????### #???????? #???????????????????????? | +----------------------------------------------------+ Best States ------------- Heat Dissipation 28 Energy Generation 10 Energy Capacity 250 Matter Stores 300 Matter Capacity 300 Sight Range 18 Robot Scan Range 10 Terrain Scan Density 10 Evasion (%) 50 Recoil Reduction 2 Item Schematics ----------------- None Robot Schematics ------------------ None Fabricated ------------ Nothing Alien Tech Used ----------------- None Achievements -------------- None Challenges ------------ None Game ------ Seed MolecularSkeletonPlating Manual? 0 Play Time 00:18:10 Cumulative 5.1 hours Start 2020.09.20 @ 02:37:04 End 2020.09.20 @ 02:53:59 Sessions 1 Manual Loads 0 Difficulty Rogue Special Mode None Game No. 15 Rogue 11 Adventurer 3 Explorer 1 Win Type - Total 0 Types 0/0/0/0/0/0/0/0/0 Lore% 7 Gallery% 12 Achievement% 10 Wizard Run 0 Options --------- ASCII 0 Keyboard 0 Movement Mouse Keybinds 0 Fullscreen 1 Font 18/SmallcapsGlow Map View 76x50 Tactical HUD 0 Map Filters NONE Filters NONE Steam 1 RUN: 4696d919-487d-4743-9d29-70bc6863f3a3